 Dungeon Sprint DCSS version 0.29-a0-338-g1ff7896281 (webtiles) character file.

Game seed: 818626074850841349

553 mhtbhm the Fighter (level 7, 0/79 HPs)
             Began as a Gargoyle Berserker on Apr 17, 2022.
             Was a High Priest of Trog.
             Slain by a phantasmal warrior (6 damage)
             ... in the Dungeon (Sprint VII: "The Pits").
             The game lasted 00:01:16 (656 turns).

mhtbhm the Fighter (Gargoyle Berserker)              Turns: 656, Time: 00:01:17

Health: 0/79       AC: 17    Str: 23    XL:     7   Next: 29%
Magic:  7/7        EV:  9    Int:  7    God:    Trog [*****.]
Gold:   0          SH:  0    Dex:  9    Spells: 6/6 levels left

rFire   . . .      SeeInvis .   a - +5 battleaxe (vorpal)
rCold   . . .      Faith    .   (shield currently unavailable)
rNeg    + . .      Spirit   .   b - +3 chain mail
rPois   ∞          Reflect  .   (no helmet)
rElec   +          Harm     .   (no cloak)
rCorr   .          Rampage  .   (no gloves)
Will    .....      NoTele   +   (no boots)
Stlth   ..........              (no amulet)
HPRegen 0.23/turn               (no ring)
MPRegen 0.10/turn               (no ring)

@: berserking, weak-willed, very quick
A: sickness immunity, AC +4, negative energy resistance 1, electricity
resistance, torment resistance 1, petrification resistance
a: Renounce Religion, Berserk, Trog's Hand, Brothers in Arms


You were in the Dungeon.
You worshipped Trog.
Trog was extremely pleased with you.
You visited 1 branch

Inventory:

Hand Weapons
 a - a +5 vorpal battleaxe (weapon)
Armour
 b - a +3 chain mail (worn)
Scrolls
 h - a scroll of blinking
 j - a scroll of summoning
Potions
 c - 6 potions of curing
 d - 5 potions of heal wounds
 e - a potion of haste
 f - 4 potions of magic
 g - 3 potions of berserk rage
 i - 2 potions of invisibility


   Skills:
 + Level 10.6 Fighting
 + Level 9.7 Axes
 + Level 5.1 Armour
 + Level 4.6 Dodging


You had 6 spell levels left.
You didn't know any spells.
Your spell library was empty.

Dungeon Overview and Level Annotations

Branches:
Dungeon (1/1)

Altars:


Innate Abilities, Weirdness & Mutations

You are immune to sickness and miasma.
Your stone body is resilient. (AC +4)
You are immune to poison.
You resist negative energy. (rN+)
You are resistant to electric shocks. (rElec)
You are resistant to unholy torment.
You are immune to petrification.


Message History

Items here: )) [[ †.
There is an open door, spattered with blood here.
Things that are here:
a +0 dagger; a +0 robe You start waiting.
You feel yourself speed up.
Items here: )) [[ †.
Things that are here:
a +1 hand axe of freezing; a +0 club; an orc corpse You start waiting.
You recover from your berserk rage.
Things that are here:
a +0 dagger; an orc corpse You open the door.
A goblin comes into view. It is wielding a +0 club.
The goblin shouts!
Unknown command.
You slash the goblin!
You kill the goblin!
Trog accepts your kill.
There is an open door here.
You see here a +0 club.
You open the door.
A phantasmal warrior comes into view.
Unknown command.
A red film seems to cover your vision as you go berserk!
You feel yourself moving faster!
You feel mighty! The phantasmal warrior hits you!!
You closely miss the phantasmal warrior.
The phantasmal warrior hits you!!
You hit the phantasmal warrior.
The phantasmal warrior is lightly damaged.
The phantasmal warrior hits you!!
* * * LOW HITPOINT WARNING * * *
Your willpower is stripped away!
You are too injured to fight recklessly!
You barely miss the phantasmal warrior.
The phantasmal warrior is lightly damaged.
The phantasmal warrior hits you.
You die...

#.#........##.......#
#)###########.......#
#)))....# #########
#...#...# #...#...#
#.##.##.#+#
#...#...#.+
#...#...#W#
#.......)@#
###########


You could see a phantasmal warrior.

Vanquished Creatures
  Menkaure (D)
  2 floating eyes (D)
  A scorpion (D)
  A crimson imp (D)
  A jelly (D)
  An orc priest (D)
  A hound (D)
  An orc wizard (D)
  A river rat (D)
  An ufetubus (D)
  3 orcs (D)
  A giant cockroach (D)
  A goblin (D)
  3 jackals (D)
  A kobold (D)
  A ball python zombie (D)
  A jackal zombie (D)
22 creatures vanquished.

Notes
Turn   | Place    | Note
-------+----------+-------------------------------------------
     0 | D        | mhtbhm the Gargoyle Berserker began the quest for the Orb.
     0 | D        | Reached XP level 1. HP: 14/14 MP: 1/1
   146 | D        | Noticed a scorpion
   154 | D        | Reached ** piety under Trog
   155 | D        | Reached skill level 4 in Fighting
   161 | D        | Killed a scorpion
   162 | D        | Reached skill level 6 in Fighting
   162 | D        | Reached skill level 5 in Axes
   162 | D        | Reached XP level 2. HP: 22/22 MP: 2/2
   162 | D        | Reached XP level 3. HP: 27/27 MP: 3/3
   162 | D        | Reached XP level 4. HP: 32/32 MP: 4/4
   260 | D        | Noticed a floating eye
   264 | D        | Paralysed by a floating eye for 2 turns
   266 | D        | Killed a floating eye
   266 | D        | Reached *** piety under Trog
   267 | D        | Reached skill level 7 in Fighting
   267 | D        | Reached XP level 5. HP: 36/39 MP: 5/5
   299 | D        | Reached skill level 8 in Fighting
   302 | D        | Noticed Menkaure
   313 | D        | Killed Menkaure
   313 | D        | Reached **** piety under Trog
   314 | D        | Reached skill level 9 in Fighting
   314 | D        | Reached XP level 6. HP: 35/46 MP: 6/6
   529 | D        | Noticed a floating eye
   563 | D        | Paralysed by a floating eye for 2 turns
   572 | D        | Killed a floating eye
   573 | D        | Reached skill level 10 in Fighting
   574 | D        | Reached skill level 5 in Armour
   574 | D        | Reached XP level 7. HP: 52/52 MP: 7/7
   576 | D        | Reached ***** piety under Trog
   586 | D        | Received a gift from Trog
   652 | D        | Noticed a phantasmal warrior
   656 | D        | Slain by a phantasmal warrior

Illustrated notes

Levels and vault maps discovered:
D:        pitsprint [storerooms_1, entrance_room_1, metal_vault_7, armoury_2,
          mini_pit_1, grid_room_1, main_hall_1, silver_pit, the_coven_3,
          the_vestibule_1, steel_vault_5, golden_pit, hallway_of_sentries,
          crystal_vault_1, iron_vault_3, final_vault]

Skill      XL: |  1  2  3  4  5  6 |
---------------+-------------------+-----
Axes           | 5 6 8 9 |  9.7
Fighting       | 6 7 9 10 | 10.6
Armour         | 3 4 5 |  5.1
Dodging        | 2 3 4 |  4.6

Action                   |  1- 3 |  4- 6 |  7- 9 || total
-------------------------+-------+-------+-------++-------
Melee: Hand axe          |    15 |    29 |    10 ||    54
       Battleaxe         |       |       |     4 ||     4
Invok: Berserk           |     1 |     2 |     1 ||     4
  Use: Potion            |     1 |       |       ||     1
Armor: Animal skin       |     4 |     6 |       ||    10
       Chain mail        |       |     4 |     4 ||     8
Dodge: Dodged            |     9 |     9 |     1 ||    19

Table legend: (Time is in decaauts)
 A = Elapsed time spent in this place.
 B = Non-inter-level travel time spent in this place.
 C = Inter-level travel time spent in this place.
 D = Time resting spent in this place.
 E = Time spent auto-exploring this place.
 F = Levels seen in this place.
 G = Mean time per level.
                   A        B        C        D        E       F      G
               +--------+--------+--------+--------+--------+-----+--------+
         Total |    681 |    681 |      0 |    437 |      0 |   1 |  681.0 |
       Dungeon |    681 |    681 |      0 |    437 |      0 |   1 |  681.0 |
               +--------+--------+--------+--------+--------+-----+--------+

Top non-repeatable levels by time:
       D: 681 daAuts
